AoeStats
← 1822955401

MegaRandom

510526982Analyzed
4v4 RM · 2d ago on Oct 1, 2026· 41m 24s· 8 players
Game mode
Random Map
Map size
Large (8 player)
Population
200
Speed
Normal
Resources
Standard
Victory
Conquest
Starting age
Dark Age
Ending age
Imperial Age
RankedLock teamsTeams togetherTeam positionsShared explorationLock speedFull tech treeHidden civsTurbo modeCheats
Victory
Defeat
🇦🇷 Slavs · Argentina
937
+36
🇧🇷 Jurchens · Brazil
885
+17
🇫🇷 Varangians · France
869
+18
🇧🇷 Japanese · Brazil
844
+19
🇭🇷 Khmer · Croatia
970
-20
🇨🇳 Sicilians · China
953
-19
🇨🇳 Magyars · China
898
-17
🇨🇳 Portuguese · China
813
-32
maxoog93
2:29 Loom
12:55 Feudal Age
13:54 Double-Bit Axe
13:55 Horse Collar
19:49 Castle Age
19:12 Bloodlines
18:58 Gold Mining
20:01 Forging
21:18 Light Cavalry
21:59 Husbandry
28:14 Stone Mining
28:53 Fervor
32:20 Imperial Age
30:05 Heavy Plow
30:19 Bow Saw
32:35 Stone Shaft Mining
33:35 Wheelbarrow
32:24 Hussar
34:43 Crop Rotation
35:44 Iron Casting
35:14 Scale Barding Armor
34:36 Elite Jarl
35:38 Conscription
36:14 Hand Cart
38:45 Blast Furnace
39:29 Fletching
40:19 Chain Barding Armor
Pilgrim
1:51 Loom
12:41 Feudal Age
17:03 Horse Collar
19:04 Wheelbarrow
18:21 Double-Bit Axe
25:31 Castle Age
25:27 Stone Mining
25:29 Gold Mining
28:04 Bow Saw
31:57 Hand Cart
33:39 Heavy Plow
41:32 Imperial Age
| LEON | SAPULHA
0:29 Loom
13:30 Feudal Age
18:28 Castle Age
19:37 Double-Bit Axe
25:48 Horse Collar
32:07 Imperial Age
30:22 Wheelbarrow
31:21 Fervor
32:48 Elite Samurai
32:58 Capped Ram
33:48 Scale Mail Armor
33:58 Forging
34:58 Kataparuto
34:55 Gold Mining
34:57 Stone Mining
35:10 Heavy Plow
35:34 Pikeman
36:15 Squires
37:17 Halberdier
39:06 Chain Mail Armor
39:27 Iron Casting
39:25 Bow Saw
40:47 Plate Mail Armor
42:32 Chemistry
41:53 Hand Cart
cronathor
11:45 Feudal Age
17:57 Castle Age
28:58 Pikeman
29:40 Town Watch
30:10 Squires
31:11 Wheelbarrow
32:14 Double-Bit Axe
33:37 Scale Mail Armor
33:48 Forging
35:07 Town Patrol
35:42 Bow Saw
40:35 Imperial Age
38:24 Hand Cart
sheya1
11:06 Feudal Age
11:18 Loom
14:53 Double-Bit Axe
17:55 Bloodlines
23:42 Castle Age
27:07 Bow Saw
26:45 Horse Collar
27:11 Stone Mining
29:49 Wheelbarrow
30:25 Gold Mining
31:15 Stone Shaft Mining
32:19 Hand Cart
33:36 Gold Shaft Mining
34:52 Husbandry
打不过
3:28 Loom
1822955401
13:57 Feudal Age
19:50 Wheelbarrow
28:19 Bloodlines
35:20 Castle Age
36:29 Husbandry
low hand
Connection lost

Rejoining the realm…

Still unreachable

The connection could not be restored.

Session expired

The server has moved on; the page needs a fresh start.